 Dungeon Crawl Stone Soup version 0.31-a0-246-g8cbcc1cb85 (webtiles) character file.

Game seed: 2576764986029052536

267 Vomitron the Chopper (level 6, 0/56 HPs)
             Began as a Hill Orc Monk on July 12, 2023.
             Slain by a gnoll
             ... wielding a +0 club
              (4 damage)
             ... on level 5 of the Dungeon.
             The game lasted 00:02:40 (2940 turns).

Vomitron the Chopper (Hill Orc Monk)                Turns: 2940, Time: 00:02:40

Health: 0/56       AC:  5    Str: 16    XL:     6   Next: 21%
Magic:  6/6        EV: 10    Int: 10    God:
Gold:   139        SH:  5    Dex: 13    Spells: 5/5 levels left

rFire   . . .        a - +1 hand axe
rCold   . . .        d - orb {light}
rNeg    . . .        m - +0 scale mail
rPois   .            (no helmet)
rElec   .            j - +2 cloak
rCorr   .            (no gloves)
SInv    .            (no boots)
Will    .....        h - amulet of reflection Stlth
                     (no ring)
HPRegen 0.29/turn    (no ring)
MPRegen 0.10/turn

%: reflection
@: corroded, glowing
A: no striking features
a: no special abilities


You were on level 5 of the Dungeon.
You visited 1 branch of the dungeon, and saw 5 of its levels.

You collected 139 gold pieces.

Inventory:

Hand Weapons
 a - a +1 hand axe (weapon)
Missiles
 l - 4 poisoned darts
Armour
 b - a +0 robe
 d - an orb of light (worn)
 g - a +0 leather armour
 j - a +2 cloak (worn)
 m - a +0 scale mail (worn)
Jewellery
 h - an amulet of reflection (around neck)
Scrolls
 e - a scroll of enchant weapon
 n - a scroll of torment {unknown}
 p - 2 scrolls of identify {unknown}
 q - 2 scrolls of enchant armour {unknown}
Potions
 c - a potion of ambrosia
 f - a potion of haste
 k - 2 potions of brilliance {unknown}
 o - a potion of cancellation {unknown}
 r - a potion of invisibility {unknown}


   Skills:
 + Level 5.1 Fighting
 * Level 6.9 Axes
 + Level 3.0 Armour
 - Level 2.4 Dodging


You had 5 spell levels left.
You didn't know any spells.
Your spell library contained the following spells:

 Spells                   Type           Power      Damage    Failure   Level
 Lesser Beckoning         Tloc           0%         N/A       90%         2
 Gell's Gravitas          Tloc           0%         N/A       99%         3
 Ozocubu's Armour         Ice            0%         N/A       99%         3
 Teleport Other           Tloc           0%         N/A       99%         3
 Ozocubu's Refrigeration  Ice            0%         4d7       100%        7


Dungeon Overview and Level Annotations

Branches:
Dungeon (5/15)
 Temple: D:4-7

Altars:
Cheibriados
Gozag
Hepliaklqana
Makhleb
Nemelex Xobeh
Trog


Message History

You hit the iguana. The iguana bites you. You block the gnoll's attack.
Unknown command.
You hit the iguana.
The iguana is heavily wounded.
You completely miss the gnoll. You hit the gnoll but do no damage.
The iguana bites you! The gnoll hits you with a +0 flail.
The gnoll hits you with a +0 club.
You are too injured to fight recklessly!
Unknown command.
You are too injured to fight recklessly!
Unknown command.
You are too injured to fight recklessly!
Unknown command.
You hit the iguana.
The iguana is severely wounded.
You hit the gnoll. You hit the gnoll but do no damage. The iguana bites you.
* * * LOW HITPOINT WARNING * * *
The gnoll hits you with a +0 flail.
* * * LOW HITPOINT WARNING * * *
You block the gnoll's attack.
You hit the iguana but do no damage.
The iguana is severely wounded.
You hit the gnoll.
You kill the gnoll!
You hit the gnoll but do no damage. You block the iguana's attack.
The gnoll hits you with a +0 club.
* * * LOW HITPOINT WARNING * * *
Your Armour skill increases to level 3!
You barely miss the iguana.
The iguana is severely wounded.
You hit the gnoll but do no damage. You hit the gnoll.
The iguana completely misses you. The gnoll barely misses you.
The gnoll hits you but does no damage.
Unknown command.
You hit the iguana.
You kill the iguana!
You hit the gnoll. x2; The gnoll hits you with a +0 flail!
* * * LOW HITPOINT WARNING * * *
The gnoll hits you with a +0 club.
You die...

... #g####
..... .
#g..### #..
#....##
.!..
#....#.....
##....#....
##g......#
#@.......#
##g.......
.........
.........
..#..!....
.. #......
#.. ......
....#
#.....
#...#.


You could see 2 gnolls.

Vanquished Creatures
  A centaur (D:3)
  A jelly (D:5)
  A gnoll bouda (D:4)
  An iguana (D:5)
  6 gnolls
  2 adders
  4 worms (D:3)
  A dart slug (D:2)
  3 orcs (D:3)
  3 endoplasms
  2 giant cockroaches
  6 goblins
  A hobgoblin (D:1)
  2 quokkas
  A ball python (D:4)
  6 bats
  A frilled lizard (D:3)
  5 kobolds
  2 rats (D:3)
49 creatures vanquished.

Notes
Turn   | Place    | Note
-------+----------+-------------------------------------------
     0 | D:1      | Vomitron the Hill Orc Monk began the quest for the Orb.
     0 | D:1      | Reached XP level 1. HP: 19/19 MP: 1/1
   433 | D:1      | Reached XP level 2. HP: 27/27 MP: 2/2
  1161 | D:2      | Reached skill level 1 in Armour
  1242 | D:2      | Found a faded altar of an unknown god.
  1477 | D:2      | Reached XP level 3. HP: 31/33 MP: 3/3
  1704 | D:3      | Noticed a centaur
  1710 | D:3      | Killed a centaur
  1711 | D:3      | Reached skill level 5 in Axes
  1711 | D:3      | Reached XP level 4. HP: 39/41 MP: 4/4
  1721 | D:3      | Reached XP level 5. HP: 39/47 MP: 5/5
  1868 | D:3      | Reached skill level 6 in Axes
  1893 | D:3      | Found an opulent altar of Gozag.
  2571 | D:3      | Found a snail-covered altar of Cheibriados.
  2579 | D:3      | Found a hazy altar of Hepliaklqana.
  2582 | D:3      | Found a burning altar of Makhleb.
  2585 | D:3      | Found a sparkling altar of Nemelex Xobeh.
  2659 | D:4      | Found a bloodstained altar of Trog.
  2739 | D:4      | HP: 1/47 [gnoll/+0 club[a gnoll bouda] (5)]
  2741 | D:4      | Reached skill level 5 in Fighting
  2912 | D:4      | Reached XP level 6. HP: 55/56 MP: 6/6
  2918 | D:5      | Entered Level 5 of the Dungeon
  2940 | D:5      | Slain by a gnoll

Illustrated notes

Levels and vault maps discovered:
D:1:      dpeg_cavernosity, layout_basic
D:2:      layout_loops_cross, shapermc_ecumenical_altar_totnotflames,
          serial_bayou_pond_a
D:3:      layout_basic, nicolae_gozag_cash_rules_everything_around_me,
          grunt_temple_overflow_cloverleaf, nicolae_titane
D:4:      layout_cave_pools, overflow_temple_1_default, gammafunk_ghost_smash,
          nicolae_take_the_stairs
D:5:      layout_cave_pools, hex_large, uniq_duvessa

Skill      XL: |  1  2  3  4  5  6 |
---------------+-------------------+-----
Armour         | 1 2 3 |  3.0
Fighting       | 4 5 |  5.1
Axes           | 5 6 |  6.9
Dodging        | |  2.4

Action                     |  1- 3 |  4- 6 || total
---------------------------+-------+-------++-------
  Melee: Hand axe          |    49 |   101 ||   150
    Use: Scroll            |       |     3 ||     3
 Armour: Robe              |     5 |       ||     5
         Scale mail        |    16 |    29 ||    45
  Dodge: Dodged            |    38 |    36 ||    74
  Block: Orb               |    10 |    28 ||    38
         Reflection        |     1 |       ||     1

Table legend: (Time is in decaauts)
 A = Elapsed time spent in this place.
 B = Non-inter-level travel time spent in this place.
 C = Inter-level travel time spent in this place.
 D = Time resting spent in this place.
 E = Time spent auto-exploring this place.
 F = Levels seen in this place.
 G = Mean time per level.
                   A        B        C        D        E       F      G
               +--------+--------+--------+--------+--------+-----+--------+
         Total |   2946 |   2830 |    116 |    283 |   2153 |   5 |  589.2 |
       Dungeon |   2946 |   2830 |    116 |    283 |   2153 |   5 |  589.2 |
               +--------+--------+--------+--------+--------+-----+--------+

Top non-repeatable levels by time:
     D:1: 1137 daAuts
     D:3: 997 daAuts
     D:2: 572 daAuts
     D:4: 217 daAuts
     D:5: 21 daAuts
